 Dungeon Crawl Stone Soup version 0.29.1-1-gd02db6906a (webtiles) character file.

Game seed: 2122459241384235427

7202 Demigod47 the Basher (level 10, -4/88 HPs)
             Began as a Minotaur Fighter on Oct 17, 2022.
             Was a High Priest of Okawaru.
             Killed by divine providence
             ... invoked by a meliai
              (10 damage)
             ... on level 9 of the Dungeon.
             The game lasted 00:16:34 (9026 turns).

Demigod47 the Basher (Minotaur Fighter)             Turns: 9026, Time: 00:16:36

Health: -4/88      AC: 38    Str: 30    XL:     10   Next: 87%
Magic:  9/9        EV:  9    Int:  5    God:    Okawaru [*****.]
Gold:   671        SH:  5    Dex: 14    Spells: 9/9 levels left

rFire   . . .      SeeInvis .   G - +1 eveningstar (protect)
rCold   x . .      Faith    +   c - +0 buckler
rNeg    . . .      Spirit   .   A - +6 plate armour of Mihyucsilutt {rC- Str+5 Dex+4}
rPois   .          Reflect  .   (helmet restricted)
rElec   .          Harm     .   j - +0 cloak
rCorr   .          Rampage  .   (no gloves)
Will    .....                   p - +0 pair of boots
Stlth   ..........              B - amulet of faith
HPRegen 0.24/turn               m - +4 ring of protection
MPRegen 0.11/turn               z - +4 ring of protection

@: under a protective aura
A: horns 2, retaliatory headbutt, screaming 1
a: Renounce Religion, Heroism, Finesse, Duel


You were on level 9 of the Dungeon.
You worshipped Okawaru.
Okawaru was extremely pleased with you.
You visited 1 branch of the dungeon, and saw 9 of its levels.

You collected 1475 gold pieces.
You spent 804 gold pieces at shops.

Inventory:

Hand Weapons
 a - a +0 flail
 C - a +0 vorpal flail
 G - a +1 eveningstar of protection (weapon)
Armour
 b - a +0 scale mail
 c - a +0 buckler (worn)
 j - a +0 cloak (worn)
 p - a +0 pair of boots (worn)
 A - the +6 plate armour of Mihyucsilutt (worn) {rC- Str+5 Dex+4}
   (You bought it in a shop on level 7 of the Dungeon)

   Str:       It affects your strength (+5).
   Dex:       It affects your dexterity (+4).
   rC:        It makes you vulnerable to cold.
Jewellery
 m - a +4 ring of protection (left hand)
 t - a ring of magical power
 v - a ring of see invisible
 y - a ring of protection from fire
 z - a +4 ring of protection (right hand)
 B - an amulet of faith (around neck)
Wands
 u - a wand of paralysis (4)
 x - a wand of iceblast (28)
 H - a wand of polymorph (2)
Scrolls
 e - 3 scrolls of teleportation
 g - 5 scrolls of identify
 i - 2 scrolls of poison
 k - 4 scrolls of magic mapping
 l - 3 scrolls of blinking
 n - 3 scrolls of vulnerability
 q - 4 scrolls of immolation
 r - a scroll of torment
 D - a scroll of fog
Potions
 d - 2 potions of might
 f - 3 potions of lignification
 h - a potion of curing
 o - a potion of invisibility
 s - a potion of flight {unknown}
 w - a potion of haste
Miscellaneous
 F - a piece from Xom's chessboard (15/15)


   Skills:
 + Level 8.1 Fighting
 * Level 14.6 Maces & Flails
 + Level 9.5 Armour
 + Level 4.3 Dodging
 + Level 1.2 Stealth
 + Level 6.4 Shields


You had 9 spell levels left.
You didn't know any spells.
Your spell library contained the following spells:

 Spells                   Type           Power      Damage    Failure   Level
 Apportation              Tloc           0%         N/A       99%         1
 Foxfire                  Conj/Fire      0%         2x1d4     99%         1
 Necrotise                Necr           0%         1d4       99%         1
 Ensorcelled Hibernation  Hex/Ice        0%         N/A       100%        2
 Scorch                   Fire           0%         2d5       100%        2
 Conjure Flame            Conj/Fire      0%         6-21      100%        3
 Inner Flame              Hex/Fire       0%         N/A       100%        3
 Spider Form              Tmut/Pois      0%         N/A       100%        3
 Anguish                  Hex/Necr       0%         N/A       100%        4
 Flame Wave               Conj/Fire      0%         2d4       100%        4
 Summon Small Mammal      Summ           Unusable   N/A       N/A         1
 Summon Cactus Giant      Summ           Unusable   N/A       N/A         6

Dungeon Overview and Level Annotations

Branches:
Dungeon (9/15)             Temple (0/1) D:5            Lair (0/5) D:8
    Orc: D:9-12

Altars:
Cheibriados
Fedhas
Kikubaaqudgha
Makhleb
Okawaru
Qazlal
Ru
Uskayaw
Vehumet
Wu Jian

Shops:
D:3 ?   D:7 [   D:9 *


Innate Abilities, Weirdness & Mutations

You have a pair of horns on your head.
You reflexively headbutt those who attack you in melee.
You occasionally shout uncontrollably at your foes.


Message History

The meliai mumbles some strange prayers to its god against you.
Something smites you!
* * * LOW HITPOINT WARNING * * *
The meliai closely misses you.
The meliai stings you but does no damage.
The meliai calls down the wrath of its god upon you.
Something smites you!
* * * LOW HITPOINT WARNING * * *
The meliai closely misses you.
The meliai stings you but does no damage.
The meliai hits you but does no damage.
The meliai stings you but does no damage.
You feel better. The meliai hits you but does no damage.
The meliai stings you but does no damage.
You block the meliai's attack.
The meliai stings you but does no damage.
The meliai barely misses you. You furiously retaliate!
You headbutt the meliai, but do no damage.
The meliai closely misses you. The meliai hits you but does no damage.
The meliai stings you but does no damage.
The meliai invokes the aid of its god against you.
Something smites you!
* * * LOW HITPOINT WARNING * * *
The meliai hits you with a +0 hand axe.
* * * LOW HITPOINT WARNING * * *
The meliai stings you but does no damage.
You feel much better. The meliai hits you with a +0 hand axe!
* * * LOW HITPOINT WARNING * * *
The meliai stings you but does no damage.
The meliai barely misses you.
The meliai stings you but does no damage.
The meliai hits you but does no damage.
The meliai stings you but does no damage.
The meliai hits you but does no damage. The meliai stings you.
* * * LOW HITPOINT WARNING * * *
The meliai hits you but does no damage. The meliai stings you.
* * * LOW HITPOINT WARNING * * *
The meliai calls down the wrath of its god upon you.
Something smites you!
You die...

####.# #†# #.# #.#
#.# #.# #.# # #.#
#.# .# #.# #.# ##.#
#.####### #.##...#
####.......# #y#..#
...........# #@y.#
#####......# #y.##
# #........# #..#
###.#......# #..#
.##.####'#######..#
..#.# #.###....!.#
#...# #.#...###.##
....####.#.### #.#
###...##...# #.#


You could see 3 meliai.

Vanquished Creatures
  2 two-headed ogres
  Pikel (D:6)
  6 yaks (D:8)
  A wraith (D:9)
  5 wyverns
  5 water moccasins
  4 orc warriors
  2 ice beasts (D:7)
  3 ogres (D:6)
  A centaur (D:9)
  A phantom (D:6)
  A lemure (D:6)
  A kobold brigand (D:8)
  3 necrophages
  2 bullfrogs
  A water moccasin zombie (D:4)
  2 scorpions
  10 killer bees (D:9)
  2 electric eels
  A vampire bat (D:3)
  A centaur zombie (D:4)
  2 bullfrog zombies (D:4)
  5 orc priests
  3 hounds
  An iron imp (D:7)
  3 jellies
  Natasha (thrice) (D:4)
  3 iguanas
  13 orc wizards
  A scorpion zombie (D:4)
  3 hound zombies (D:4)
  4 adders
  A shadow imp (D:7)
  An adder skeleton (D:4)
  3 adder zombies (D:4)
  4 dart slugs
  3 fire bats (D:3)
  25 orcs
  2 spectral bats (D:3)
  3 bat skeletons (D:3)
  A bat zombie (D:3)
  7 endoplasms
  7 giant cockroaches
  10 goblins
  6 hobgoblins
  2 jackals (D:4)
  A quokka (D:5)
  6 ball pythons
  13 bats
  A bat simulacrum (D:3)
  4 frilled lizards
  4 kobolds
  13 rats
213 creatures vanquished.

Vanquished Creatures (others)
  4 fungi (D:8)
  11 plants (D:8)
15 creatures vanquished.

Grand Total: 228 creatures vanquished

Notes
Turn   | Place    | Note
-------+----------+-------------------------------------------
     0 | D:1      | Demigod47 the Minotaur Fighter began the quest for the Orb.
     0 | D:1      | Reached XP level 1. HP: 19/19 MP: 0/0
   220 | D:1      | Reached XP level 2. HP: 27/27 MP: 1/1
   924 | D:2      | Found a faded altar of an unknown god.
  1015 | D:2      | Reached skill level 3 in Maces & Flails
  1015 | D:2      | Reached XP level 3. HP: 31/33 MP: 2/2
  1582 | D:2      | Prayed at the altar of an unknown god.
  1582 | D:2      | Became a worshipper of Warmaster Okawaru
  1582 | D:2      | Reached * piety under Okawaru
  1731 | D:3      | Noticed a water moccasin
  1746 | D:3      | Killed a water moccasin
  1746 | D:3      | Reached ** piety under Okawaru
  1747 | D:3      | Reached skill level 4 in Maces & Flails
  1747 | D:3      | Reached skill level 1 in Dodging
  1747 | D:3      | Reached XP level 4. HP: 33/40 MP: 3/3
  1747 | D:3      | Reached XP level 5. HP: 38/46 MP: 4/4
  2024 | D:3      | Reached skill level 5 in Maces & Flails
  2155 | D:3      | Reached XP level 6. HP: 53/53 MP: 5/5
  2174 | D:3      | Reached skill level 6 in Maces & Flails
  2174 | D:3      | Reached skill level 5 in Armour
  2317 | D:3      | Found Qiffal's Magic Scroll Boutique.
  2325 | D:3      | Bought a scroll of identify for 20 gold pieces
  2937 | D:4      | Reached XP level 7. HP: 55/60 MP: 6/6
  3205 | D:4      | Reached skill level 7 in Maces & Flails
  3343 | D:4      | Noticed Natasha
  3351 | D:4      | Killed Natasha
  3365 | D:4      | Noticed Natasha
  3371 | D:4      | Killed Natasha
  3377 | D:4      | Noticed Natasha
  3379 | D:4      | Reached *** piety under Okawaru
  3380 | D:4      | Reached skill level 5 in Fighting
  3385 | D:4      | Killed Natasha
  3416 | D:4      | Found a hide-covered altar of Uskayaw.
  3640 | D:4      | Identified a scroll of acquirement
  3643 | D:4      | Acquired 534 gold pieces
  3655 | D:5      | Entered Level 5 of the Dungeon
  3655 | D:5      | Found a staircase to the Ecumenical Temple.
  3673 | D:5      | Reached skill level 8 in Maces & Flails
  3766 | D:5      | Found an ancient bone altar of Kikubaaqudgha.
  3940 | D:5      | Reached XP level 8. HP: 21/68 MP: 7/7
  4475 | D:6      | Noticed Pikel
  4476 | D:6      | Paralysed by Pikel for 2 turns
  4486 | D:6      | Killed Pikel
  4486 | D:6      | Reached **** piety under Okawaru
  4487 | D:6      | Reached skill level 10 in Maces & Flails
  4595 | D:6      | Found a blossoming altar of Fedhas.
  4596 | D:6      | Found a radiant altar of Vehumet.
  4597 | D:6      | Found an iron altar of Okawaru.
  5074 | D:6      | Found a snail-covered altar of Cheibriados.
  5115 | D:6      | You fall into a shaft and drop 1 floor!
  5414 | D:6      | Reached XP level 9. HP: 29/75 MP: 8/8
  5637 | D:6      | Found an ornate altar of the Wu Jian Council.
  5637 | D:6      | Found a sacrificial altar of Ru.
  6007 | D:7      | Found Tegimog's Antique Armour Shoppe.
  6010 | D:7      | Bought a jewelled plate armour for 784 gold pieces
  6010 | D:7      | Identified the +6 plate armour of Mihyucsilutt {rC- Str+5
                  | Dex+4} (You bought it in a shop on level 7 of the Dungeon)
  6156 | D:7      | Reached skill level 11 in Maces & Flails
  6609 | D:7      | Found a burning altar of Makhleb.
  6654 | D:7      | Gained mutation: You occasionally shout uncontrollably at
                  | your foes. [potion of mutation]
  6654 | D:7      | Lost mutation: You occasionally shout uncontrollably at
                  | your foes. [potion of mutation]
  6655 | D:7      | Gained mutation: You occasionally shout uncontrollably at
                  | your foes. [potion of mutation]
  6683 | D:8      | Noticed a two-headed ogre
  6699 | D:8      | Killed a two-headed ogre
  6700 | D:8      | Reached skill level 12 in Maces & Flails
  6700 | D:8      | Reached skill level 5 in Shields
  6804 | D:8      | Reached skill level 1 in Stealth
  6821 | D:8      | Reached ***** piety under Okawaru
  6825 | D:8      | Reached XP level 10. HP: 86/86 MP: 9/9
  6842 | D:8      | Reached skill level 13 in Maces & Flails
  6854 | D:8      | Found a staircase to the Lair.
  7352 | D:7      | HP: 4/86 [poisoned by an orc warrior]
  8322 | D:9      | Found a stormy altar of Qazlal.
  8331 | D:9      | Noticed a two-headed ogre
  8346 | D:9      | Killed a two-headed ogre
  8347 | D:9      | Reached skill level 14 in Maces & Flails
  8512 | D:9      | Found Quokiffood's Assorted Antiques.
  8712 | D:9      | Received a gift from Okawaru
  9025 | D:9      | HP: 4/88 [meliai/divine providence (14)]
  9026 | D:9      | Killed from afar by a meliai

Illustrated notes

Levels and vault maps discovered:
D:1:      psy_arrival_terrarium, layout_basic, palyth_stone_intersect
D:2:      layout_rooms, shapermc_ecumenical_altar_flowoftime, minmay_nonomino_d4
D:3:      layout_basic, serial_shops, shop, serial_glass, glass_columns_c,
          glass_columns_c, goddamned_bats
D:4:      layout_basic, general_overflow_altar, serial_undead, serial_undead_d,
          serial_undead_c, serial_undead_a, serial_undead_f,
          grunt_ministairs_11, serial_park_tiny_pond, minmay_statues_item,
          uniq_natasha
D:5:      layout_rooms, mainiacjoe_overflow_catwalk, temple_statues,
          eino_curves_02
D:6:      layout_basic, cheibriados_altar_1, minitemple,
          gammafunk_temple_overflow_pools, kennysheep_small_spiral,
          bh_walls_and_bars, uniq_pikel
D:7:      layout_gridville, makhleb_grotto_becter, serial_shops,
          nicolae_shop_behind_doors, amcnicky_mini_pool_medium
D:8:      minmay_goldmine, layout_basic, minmay_lair_entry_grove
D:9:      layout_basic, grunt_qazlal_clouds, serial_shops, shop

Skill      XL: |  1  2  3  4  5  6  7  8  9 10 |
---------------+-------------------------------+-----
Armour         | 4 5 7 8 9 |  9.5
Fighting       | 4 5 6 7 8 |  8.1
Maces & Flails | 3 4 5 6 8 10 12 14 | 14.6
Dodging        | 1 2 3 4 |  4.3
Shields        | 4 5 6 |  6.4
Stealth        | 1 |  1.2

Action                   |  1- 3 |  4- 6 |  7- 9 | 10-12 || total
-------------------------+-------+-------+-------+-------++-------
Melee: Flail             |    87 |   111 |   275 |   177 ||   650
       Headbutt          |    10 |    11 |    49 |    32 ||   102
       Eveningstar       |       |       |       |     4 ||     4
  Use: Potion            |     3 |     2 |     2 |     6 ||    13
       Scroll            |     3 |     1 |     4 |     7 ||    15
Armor: Scale mail        |    61 |   145 |    81 |       ||   287
       Plate armour      |       |       |    69 |   151 ||   220
Dodge: Dodged            |    59 |   126 |   110 |    72 ||   367
Block: Buckler           |    17 |    44 |    57 |    43 ||   161
